 Dungeon Crawl Stone Soup version 0.29-a0-911-g88e6f02907 (webtiles) character file.

Game seed: 17512585577965497555

388 leavemydog the Shield-Bearer (level 6, 0/53 HPs)
             Began as a Gnoll Fighter on July 25, 2022.
             Slain by a gnoll sergeant
             ... wielding a +0 spear
              (7 damage)
             ... on level 5 of the Dungeon.
             The game lasted 00:06:04 (3492 turns).

leavemydog the Shield-Bearer (Gnoll Fighter)        Turns: 3492, Time: 00:06:04

Health: 0/53       AC: 10    Str: 17    XL:     6   Next: 79%
Magic:  9/9        EV: 10    Int:  7    God:
Gold:   188        SH:  6    Dex: 18    Spells: 9/9 levels left

rFire   . . .      SeeInvis .   a - +0 war axe
rCold   . . .      Faith    .   c - +0 buckler
rNeg    + . .      Spirit   .   b - +0 scale mail
rPois   .          Reflect  .   (no helmet)
rElec   .          Harm     .   v - +0 cloak
rCorr   .          Rampage  .   l - +0 pair of gloves
Will    .....                   (no boots)
Stlth   +.........              h - amulet of magic regeneration
HPRegen 0.17/turn               e - +6 ring of dexterity
MPRegen 0.51/turn               w - ring of positive energy

@: no status effects
A: fangs 1, strong nose, distributed training
a: no special abilities


You were on level 5 of the Dungeon.
You visited 1 branch of the dungeon, and saw 5 of its levels.

You collected 188 gold pieces.

Inventory:

Hand Weapons
 a - a +0 war axe (weapon)
Missiles
 u - 2 atropa-tipped darts (quivered)
Armour
 b - a +0 scale mail (worn)
 c - a +0 buckler (worn)
 l - a +0 pair of gloves (worn)
 v - a +0 cloak (worn)
Jewellery
 e - a +6 ring of dexterity (left hand)
 h - an amulet of magic regeneration (around neck)
 i - a +6 ring of dexterity
 w - a ring of positive energy (right hand)
Scrolls
 f - 3 scrolls of teleportation
 g - 2 scrolls of noise {unknown}
 k - 2 scrolls of blinking {unknown}
 o - a scroll of enchant armour {unknown}
 q - a scroll of fear {unknown}
 r - 2 scrolls of butterflies {unknown}
Potions
 d - a potion of might
 j - a potion of magic
 m - 2 potions of curing
 n - 3 potions of brilliance
 s - a potion of degeneration {unknown}
 t - a potion of mutation {unknown}


   Skills:
 + Level 6.9 Fighting
 + Level 2.2 Short Blades
 + Level 2.2 Long Blades
 + Level 5.1 Axes
 + Level 2.2 Maces & Flails
 + Level 2.2 Polearms
 + Level 2.2 Staves
 + Level 2.2 Ranged Weapons
 + Level 2.2 Throwing
 + Level 6.9 Armour
 + Level 2.2 Dodging
 + Level 2.2 Stealth
 + Level 6.9 Shields
 + Level 2.2 Unarmed Combat
 + Level 2.2 Spellcasting
 + Level 1.7 Conjurations
 + Level 1.7 Hexes
 + Level 1.7 Summonings
 + Level 1.7 Necromancy
 + Level 1.7 Translocations
 + Level 1.7 Transmutations
 + Level 1.7 Fire Magic
 + Level 1.7 Ice Magic
 + Level 1.7 Air Magic
 + Level 1.7 Earth Magic
 + Level 1.7 Poison Magic
 + Level 2.4 Invocations
 + Level 2.2 Evocations


You had 9 spell levels left.
You didn't know any spells.
Your spell library contained the following spells:

 Spells                   Type           Power      Damage    Failure   Level
 Sandblast                Erth           6%         2d5       56%         1
 Passwall                 Tmut/Erth      2%         N/A       71%         2
 Frozen Ramparts          Ice            6%         1d2       91%         3
 Gell's Gravitas          Tloc           3%         N/A       91%         3
 Lesser Beckoning         Tloc           3%         N/A       91%         3
 Stone Arrow              Conj/Erth      6%         3d7       91%         3
 Teleport Other           Tloc           3%         N/A       91%         3
 Animate Armour           Summ/Erth      6%         N/A       100%        4
 Ice Form                 Ice/Tmut       3%         N/A       100%        4
 Summon Ice Beast         Ice/Summ       3%         N/A       100%        4
 Lehudib's Crystal Spear  Conj/Erth      1%         10d2      100%        8


Dungeon Overview and Level Annotations

Branches:
Dungeon (5/15)
 Temple: D:4-7

Altars:
Fedhas
Gozag

Shops:
D:4 **

Annotations:
D:4 2 transporters, MoonlitKnight's ghost, amateur DECj


Innate Abilities, Weirdness & Mutations

You have very sharp teeth.
Your uncanny sense of smell can sniff out nearby items.
Your experience applies equally to all skills.


Message History

You slash the gnoll!
You kill the gnoll!
The gnoll sergeant closely misses you.
The gnoll sergeant hits you with a +0 spear.
The gnoll hits you from afar with a +0 spear.
You see here a +0 spear.
You barely miss the gnoll sergeant.
You bite the gnoll sergeant, but do no damage.
The gnoll sergeant closely misses you. The gnoll hits you but does no damage.
The gnoll sergeant hits you but does no damage.
A gnoll comes into view. It is wielding a +3 whip of draining.
The gnoll closely misses you.
You closely miss the gnoll sergeant.
The gnoll shouts!
The gnoll sergeant misses you.
The gnoll hits you from afar with a +0 spear.
You hit the gnoll sergeant but do no damage.
The gnoll sergeant hits you with a +0 spear.
You block the gnoll's attack.
You hit the gnoll sergeant but do no damage.
Your bite misses the gnoll sergeant.
The gnoll sergeant hits you with a +0 spear.
You block the gnoll's attack.
You are too injured to fight recklessly!
You are too injured to fight recklessly!
You are too injured to fight recklessly!
You block the gnoll sergeant's attack. You block the gnoll sergeant's attack.
You block the gnoll sergeant's attack. The gnoll closely misses you.
You see here a +0 spear.
You completely miss the gnoll sergeant.
The gnoll sergeant hits you with a +0 spear!
The gnoll hits you but does no damage. You block the gnoll's attack.
The gnoll sergeant misses you.
Okay, then.
The gnoll sergeant attacks as you move away!
The gnoll sergeant hits you with a +0 spear!
* * * LOW HITPOINT WARNING * * *
The gnoll sergeant hits you from afar with a +0 spear!
You die...

######.#
#......#
#.######
####.########
#..........<.
#.##.########
# #.##.#
#.####.##.#
#gg)@..##.#
#g#######.# #
#.# #.#


You could see a gnoll sergeant and 2 gnolls.

Vanquished Creatures
  A phantom (D:4)
  A scorpion (D:4)
  3 orc priests
  An iguana (D:3)
  A gnoll (D:5)
  4 adders
  An ufetubus (D:4)
  2 worms (D:3)
  2 dart slugs
  12 orcs
  2 ball pythons
  3 bats
  5 endoplasms
  A giant cockroach (D:3)
  3 goblins
  4 hobgoblins
  4 jackals (D:1)
  4 quokkas
  5 frilled lizards
  7 kobolds
  8 rats
74 creatures vanquished.

Vanquished Creatures (others)
  6 plants (D:4)
6 creatures vanquished.

Grand Total: 80 creatures vanquished

Notes
Turn   | Place    | Note
-------+----------+-------------------------------------------
     0 | D:1      | leavemydog the Gnoll Fighter began the quest for the Orb.
     0 | D:1      | Reached XP level 1. HP: 23/23 MP: 1/1
   310 | D:1      | Reached XP level 2. HP: 29/29 MP: 2/2
   375 | D:1      | Found a faded altar of an unknown god.
   850 | D:2      | Reached XP level 3. HP: 35/35 MP: 3/3
   933 | D:2      | Reached skill level 1 in Invocations
  1471 | D:3      | Reached skill level 1 in Short Blades
  1471 | D:3      | Reached skill level 1 in Long Blades
  1471 | D:3      | Reached skill level 1 in Maces & Flails
  1471 | D:3      | Reached skill level 1 in Polearms
  1471 | D:3      | Reached skill level 1 in Staves
  1471 | D:3      | Reached skill level 1 in Ranged Weapons
  1471 | D:3      | Reached skill level 1 in Throwing
  1471 | D:3      | Reached skill level 1 in Dodging
  1471 | D:3      | Reached skill level 1 in Stealth
  1471 | D:3      | Reached skill level 1 in Unarmed Combat
  1471 | D:3      | Reached skill level 1 in Spellcasting
  1471 | D:3      | Reached skill level 1 in Evocations
  1574 | D:3      | HP: 1/35 [orc priest/nerve-wracking pain (9)]
  1575 | D:3      | Reached skill level 1 in Conjurations
  1575 | D:3      | Reached skill level 1 in Hexes
  1575 | D:3      | Reached skill level 1 in Summonings
  1575 | D:3      | Reached skill level 1 in Necromancy
  1575 | D:3      | Reached skill level 1 in Translocations
  1575 | D:3      | Reached skill level 1 in Transmutations
  1575 | D:3      | Reached skill level 1 in Fire Magic
  1575 | D:3      | Reached skill level 1 in Ice Magic
  1575 | D:3      | Reached skill level 1 in Air Magic
  1575 | D:3      | Reached skill level 1 in Earth Magic
  1575 | D:3      | Reached skill level 1 in Poison Magic
  1575 | D:3      | Reached XP level 4. HP: 1/41 MP: 5/5
  1580 | D:3      | Reached XP level 5. HP: 35/47 MP: 7/7
  1750 | D:3      | Found a blossoming altar of Fedhas.
  2201 | D:4      | Found Gyminunu's Overcharged Wands.
  2240 | D:4      | Found Boeggaj's Assorted Antiques.
  2276 | D:4      | Found an opulent altar of Gozag.
  2594 | D:4      | Reached XP level 6. HP: 53/53 MP: 8/8
  2642 | D:4      | Found a transporter.
  2680 | D:4      | Found a transporter.
  2685 | D:4      | Noticed MoonlitKnight's ghost (amateur DECj)
  2808 | D:4      | Reached skill level 5 in Axes
  3299 | D:4      | Identified the +2 trident of Prudence {pain, Contam rF-
                  | rC++ Will+++}
  3299 | D:4      | Identified the +1 scale mail of the Lizard {rPois rC- rN++
                  | Stlth+}
  3318 | D:5      | Entered Level 5 of the Dungeon
  3492 | D:5      | Slain by a gnoll sergeant

Illustrated notes

Levels and vault maps discovered:
D:1:      dpeg_arrival_round_c, layout_basic,
          hellmonk_ecumenical_altar_inner_sanctum
D:2:      layout_basic, kennysheep_decorative_pillar, st_stairs_14
D:3:      layout_basic, fedhas_altar_fruit_tree, moated_statue
D:4:      layout_basic, grunt_gozag_statues, gammafunk_ghost_gnarly_gnolls,
          serial_shops, nicolae_square_shop, nicolae_shop_overcharged_wands
D:5:      layout_loops_ring, lemuel_zombie_altar_kikubaaqudgha, minitemple,
          minmay_temple_entry_antechambers, serial_shops,
          nicolae_lakefront_shop, gup_sewer_entry_pipe, grunt_ministairs_9

Skill      XL: |  1  2  3  4  5  6 |
---------------+-------------------+-----
Invocations    | 1 2 |  2.4
Short Blades   | 1 2 |  2.2
Long Blades    | 1 2 |  2.2
Maces & Flails | 1 2 |  2.2
Polearms       | 1 2 |  2.2
Staves         | 1 2 |  2.2
Ranged Weapons | 1 2 |  2.2
Throwing       | 1 2 |  2.2
Dodging        | 1 2 |  2.2
Stealth        | 1 2 |  2.2
Unarmed Combat | 1 2 |  2.2
Spellcasting   | 1 2 |  2.2
Evocations     | 1 2 |  2.2
Conjurations   | 1 |  1.7
Hexes          | 1 |  1.7
Summonings     | 1 |  1.7
Necromancy     | 1 |  1.7
Translocations | 1 |  1.7
Transmutations | 1 |  1.7
Fire Magic     | 1 |  1.7
Ice Magic      | 1 |  1.7
Air Magic      | 1 |  1.7
Earth Magic    | 1 |  1.7
Poison Magic   | 1 |  1.7
Axes           | 5 |  5.1
Fighting       | |  6.9
Armour         | |  6.9
Shields        | |  6.9

Action                   |  1- 3 |  4- 6 || total
-------------------------+-------+-------++-------
Melee: War axe           |   113 |    97 ||   210
       Bite              |    14 |    12 ||    26
  Use: Potion            |     3 |     1 ||     4
       Scroll            |       |     4 ||     4
 Stab: Sleeping          |       |     2 ||     2
Armor: Scale mail        |    51 |    35 ||    86
Dodge: Dodged            |    44 |    51 ||    95
Block: Buckler           |    27 |    38 ||    65

Table legend: (Time is in decaauts)
 A = Elapsed time spent in this place.
 B = Non-inter-level travel time spent in this place.
 C = Inter-level travel time spent in this place.
 D = Time resting spent in this place.
 E = Time spent auto-exploring this place.
 F = Levels seen in this place.
 G = Mean time per level.
                   A        B        C        D        E       F      G
               +--------+--------+--------+--------+--------+-----+--------+
         Total |   3555 |   3464 |     91 |    478 |   2400 |   5 |  711.0 |
       Dungeon |   3555 |   3464 |     91 |    478 |   2400 |   5 |  711.0 |
               +--------+--------+--------+--------+--------+-----+--------+

Top non-repeatable levels by time:
     D:4: 1140 daAuts
     D:3: 777 daAuts
     D:2: 758 daAuts
     D:1: 701 daAuts
     D:5: 177 daAuts
